[Event "WYCC 2018 O16"]
[Site "Halkidiki"]
[Date "2018.10.28"]
[Round "9"]
[White "Wachinger, Nikolas"]
[Black "Mukhutdinov, Tigran"]
[Result "1-0"]
[ECO "C88"]
[WhiteElo "2360"]
[BlackElo "2256"]
[Annotator "NA"]
[PlyCount "73"]
[EventDate "2018.10.20"]
[EventType "swiss"]
[EventCountry "GRE"]
[SourceTitle "playchess.com"]
[Source "ChessBase"]
[SourceQuality "1"]
[TimeControl "40/5400+30:1800+30"]

1. e4 e5 2. Nf3 Nc6 3. Bb5 a6 4. Ba4 Nf6 5. O-O Be7 6. Re1 b5 7. Bb3 O-O 8. a4 Bb7 9. d3 d6 10. Bd2 Qd7 11. Nc3 Nd8 12. axb5 axb5 13. Rxa8 Bxa8 14. d4 b4 15. Nd5 Nxd5 16. exd5 exd4 17. Nxd4 Bf6 18. Bxb4 Nb7 19. c4 Nc5 20. Bc2 g6 21. Bc3 Qd8 22. b4 Nd7 23. Ba4 Bg7 24. Qe2 Nb6 25. Bb5 Qh4 26. Qe7 Qxe7 27. Rxe7 Bxd5 28. Rxc7 Be5 29. Ne2 Bxc3 30. Nxc3 Be6 31. Ne4 Ra8 32. h3 d5 33. c5 Nc8 34. Ng5 Bf5 35. g4 Na7 36. Be2 Bc2 37. b5 1-0

[Event "WYCC 2018 O16"]
[Site "Halkidiki"]
[Date "2018.10.28"]
[Round "9"]
[White "Sankalp Gupta"]
[Black "Quirhuayo Chumbe, German Gonzalo"]
[Result "1-0"]
[ECO "A48"]
[WhiteElo "2352"]
[BlackElo "2220"]
[Annotator "NA"]
[PlyCount "95"]
[EventDate "2018.10.20"]
[EventType "swiss"]
[EventCountry "GRE"]
[SourceTitle "playchess.com"]
[Source "ChessBase"]
[SourceQuality "1"]
[TimeControl "40/5400+30:1800+30"]

1. d4 Nf6 2. Nf3 g6 3. Bg5 Bg7 4. Nbd2 O-O 5. c3 h6 6. Bh4 d6 7. e4 c5 8. dxc5 dxc5 9. Bc4 Nc6 10. Qe2 Nh5 11. Qe3 g5 12. Bg3 b6 13. O-O-O Bb7 14. Qe2 e6 15. Nf1 Qf6 $11 16. h4 g4 17. N3h2 Nxg3 18. Nxg3 Qf4+ 19. Kb1 Ne5 20. Bb3 Rfd8 21. Bc2 c4 22. Nh5 Rxd1+ 23. Qxd1 Qxf2 24. Nxg4 Qc5 25. Rf1 Ng6 26. e5 Bxg2 27. Rf2 Bc6 28. Qd2 Nxe5 29. Nxh6+ Kf8 30. Nxg7 Kxg7 31. Qg5+ Kf8 32. Qf6 Qe3 33. a3 Ke8 34. Rf1 Be4 35. Bxe4 Qxe4+ 36. Ka1 Kd7 37. Nxf7 Nd3 38. Ng5 Qe5 39. Qf7+ Kd6 40. Qb7 Qd5 41. Nf7+ Kc5 42. Qc7+ Qc6 43. Qe7+ Kb5 44. h5 Rg8 45. Qxa7 Rg2 46. a4+ Kc5 47. Qe7+ Kd5 48. Qd8+ {[%emt 0:00:02] Ke5} 1-0

[Event "WYCC 2018 O16"]
[Site "Halkidiki"]
[Date "2018.10.28"]
[Round "9"]
[White "Koustav Chatterjee"]
[Black "Sargsyan, Tigran R."]
[Result "1/2-1/2"]
[ECO "D10"]
[WhiteElo "2344"]
[BlackElo "2218"]
[Annotator "NA"]
[PlyCount "112"]
[EventDate "2018.10.20"]
[EventType "swiss"]
[EventCountry "GRE"]
[SourceTitle "playchess.com"]
[Source "ChessBase"]
[SourceQuality "1"]
[TimeControl "40/5400+30:1800+30"]

1. d4 d5 2. c4 c6 3. Nc3 Nf6 4. e3 a6 5. Nf3 Bf5 6. Qb3 b5 7. cxd5 cxd5 8. Nh4 Bc8 9. a4 b4 10. Qxb4 e5 11. Qb3 exd4 12. exd4 Nc6 13. Qd1 Ne4 14. Nf3 Bb4 15. Bd2 Nxd2 $11 16. Qxd2 O-O 17. Be2 Qf6 18. O-O Be6 19. Rad1 h6 20. Rfe1 Bd6 21. Bd3 Rfe8 22. Qe2 Re7 23. Bb1 Nb4 24. Ne5 Rae8 25. g3 Bf5 26. f4 Bxb1 27. Rxb1 Qf5 28. Qd2 f6 29. Nf3 g5 30. Rxe7 Rxe7 31. Re1 Rg7 32. Qe2 gxf4 33. Nh4 Qh3 34. Qe6+ Qxe6 35. Rxe6 Bc7 36. Nf5 Rg5 37. g4 Rxg4+ 38. Kf2 Rg5 39. Re8+ Kf7 40. Re7+ Kf8 41. Rxc7 Rxf5 42. Kf3 Nc2 43. Ne2 Ne1+ 44. Kg4 Rg5+ 45. Kxf4 Nd3+ 46. Kf3 Nxb2 47. Nf4 Rf5 48. Kg4 Rg5+ 49. Kf3 Rf5 50. Rc3 Nc4 51. h4 h5 52. Rc2 Kf7 53. Rg2 Ne5+ 54. Ke3 Nc4+ 55. Kf3 Ne5+ 56. Ke3 Nc4+ {[%emt 0:00:05] Ke4} 1/2-1/2

[Event "WYCC 2018 O16"]
[Site "Halkidiki"]
[Date "2018.10.28"]
[Round "9"]
[White "Guerra Rivera, Salvador"]
[Black "Jakab, Bela"]
[Result "0-1"]
[ECO "C07"]
[WhiteElo "2340"]
[BlackElo "2285"]
[Annotator "NA"]
[PlyCount "72"]
[EventDate "2018.10.20"]
[EventType "swiss"]
[EventCountry "GRE"]
[SourceTitle "playchess.com"]
[Source "ChessBase"]
[SourceQuality "1"]
[TimeControl "40/5400+30:1800+30"]

1. e4 e6 2. d4 d5 3. Nd2 c5 4. exd5 Qxd5 5. Ngf3 cxd4 6. Bc4 Qd6 7. O-O Nf6 8. Nb3 Nc6 9. Nbxd4 Nxd4 10. Nxd4 a6 11. Re1 Qc7 12. Bf1 {[%emt 0:00:32] C07: Französische Verteidigung (Tarrasch-Variante)} Bd6 13. Nf5 Bxh2+ 14. Kh1 Kf8 15. Qd4 exf5 16. Qxf6 h6 17. Qd4 {[%emt 0:00:34] [#]} Be6 $146 ({Vorgänger:} 17... Bd6 18. Bd2 Be6 19. Bc3 Rh7 {0-1 (48) Karjakin,S (2781)-Caruana,F (2808) Paris 2017}) 18. g3 Bxg3 19. fxg3 Qxg3 20. Bf4 Qh4+ 21. Kg1 Kg8 22. Bg2 Rc8 23. Be5 Qg5 $16 24. Bf4 Qg4 25. Qf2 Bd5 26. Be5 Rc6 27. Kh2 Bxg2 28. Re3 Be4 29. Rg1 Rxc2 30. Qxc2 Bxc2 31. Rxg4 fxg4 32. Bc3 h5 33. Kg3 Bf5 34. Kf4 Be6 35. Re5 h4 36. Rg5 Rh7 0-1

[Event "WYCC 2018 O16"]
[Site "Halkidiki"]
[Date "2018.10.28"]
[Round "9"]
[White "Golikov, Daniil"]
[Black "Ibrahimli, Murad"]
[Result "1-0"]
[ECO "A28"]
[WhiteElo "2319"]
[BlackElo "2379"]
[Annotator "NA"]
[PlyCount "75"]
[EventDate "2018.10.20"]
[EventType "swiss"]
[EventCountry "GRE"]
[SourceTitle "playchess.com"]
[Source "ChessBase"]
[SourceQuality "1"]
[TimeControl "40/5400+30:1800+30"]

1. c4 e5 2. Nc3 Nf6 3. Nf3 Nc6 4. e3 Bb4 5. Qc2 O-O 6. Nd5 Re8 7. Qf5 d6 8. Nxf6+ gxf6 9. Qc2 d5 10. a3 Bf8 11. cxd5 Qxd5 12. Bc4 Qd7 13. d3 Qg4 14. b4 Bg7 15. O-O $14 a6 16. Bb2 Be6 17. Rac1 Rad8 18. Nd2 f5 19. Nb3 Bxc4 20. Qxc4 Qxc4 21. Rxc4 Rxd3 22. Nc5 b5 23. Rc2 Rd6 24. Nxa6 Re7 25. Rc5 h5 26. h3 Na7 27. Nxc7 Rd2 28. Bc1 Ra2 29. Rd1 Ra1 30. Kh2 e4 31. Rdd5 h4 32. g3 hxg3+ 33. Kxg3 Kh7 34. Rxf5 Rd7 35. Rh5+ Kg8 36. Nxb5 Nxb5 37. Rc8+ Bf8 38. Bb2 1-0

[Event "WYCC 2018 O16"]
[Site "Halkidiki"]
[Date "2018.10.28"]
[Round "9"]
[White "Sahidi, Samir"]
[Black "Petkov, Matey"]
[Result "1-0"]
[ECO "B07"]
[WhiteElo "2315"]
[BlackElo "2164"]
[Annotator "NA"]
[PlyCount "75"]
[EventDate "2018.10.20"]
[EventType "swiss"]
[EventCountry "GRE"]
[SourceTitle "playchess.com"]
[Source "ChessBase"]
[SourceQuality "1"]
[TimeControl "40/5400+30:1800+30"]

1. d4 d6 2. e4 Nf6 3. Nc3 g6 4. Be2 Bg7 5. f4 c5 6. d5 O-O 7. Nf3 b5 8. e5 {[%emt 0:01:23] A43: Schmid Benoni} Nfd7 (8... dxe5 9. fxe5 Ng4 10. d6 Bb7 11. Nxb5 Nxe5 12. Nc7 exd6 13. Nxa8 Nxf3+ 14. Bxf3 Qh4+ 15. g3 Re8+ 16. Kf2 Qd4+ 17. Kg2 Qxd1 18. Rxd1 {1-0 (33) Becerra,J (2334)-Escobar Medina,A (2281) Tunja 2018}) 9. exd6 Bxc3+ 10. bxc3 exd6 11. O-O Nb6 12. Bxb5 $146 ({Predecessor:} 12. Ng5 Qe7 13. Bf3 Re8 14. Bd2 Nc4 15. Re1 Qd8 16. Rxe8+ Qxe8 {0-1 (45) Ranfagni,S (2014)-Agrifoglio,F (2017) Milan 2009}) 12... Bb7 13. f5 a6 14. Bd3 Bxd5 15. Kh1 N8d7 16. Qe1 (16. Bh6 $16) 16... Bxf3 17. Rxf3 c4 18. Be2 Re8 19. Qd1 $14 Ne5 20. Rf1 f6 21. fxg6 hxg6 22. Be3 Kg7 23. Qd2 Re6 24. Rab1 Rb8 25. h3 Nbd7 26. Rb4 Qa5 27. Bxc4 Nxc4 28. Rxc4 Ne5 29. Rd4 Nf7 30. a4 Rc8 31. Rb4 Qc7 32. Bd4 Ne5 33. Rfb1 Re7 34. Qf2 Qc6 35. Rb6 Qxa4 36. Rxd6 Rf7 37. Rxf6 Rxf6 38. Rb7+ 1-0

[Event "WYCC 2018 O16"]
[Site "Halkidiki"]
[Date "2018.10.28"]
[Round "9"]
[White "Loiacono, Leonardo"]
[Black "Stoleriu, George"]
[Result "1/2-1/2"]
[ECO "E32"]
[WhiteElo "2277"]
[BlackElo "2362"]
[Annotator "NA"]
[PlyCount "71"]
[EventDate "2018.10.20"]
[EventType "swiss"]
[EventCountry "GRE"]
[SourceTitle "playchess.com"]
[Source "ChessBase"]
[SourceQuality "1"]
[TimeControl "40/5400+30:1800+30"]

1. d4 e6 2. c4 Nf6 3. Nc3 Bb4 4. Qc2 O-O 5. a3 Bxc3+ 6. Qxc3 b5 7. cxb5 c6 8. Bg5 cxb5 9. e3 Bb7 10. Nf3 h6 11. Bxf6 Qxf6 12. Be2 Nc6 13. O-O Rac8 14. Qd2 Ne7 15. Ne5 d6 16. Bf3 $11 dxe5 17. Bxb7 Rc7 18. dxe5 Qxe5 19. Bf3 Rfc8 20. Rac1 Nf5 21. Rxc7 Qxc7 22. Rd1 Qe5 23. g3 Qc7 24. Qd7 Qc5 25. Be4 g6 26. Kg2 a5 27. Rd2 Rb8 28. h4 Qe5 29. Bxf5 gxf5 30. Rd4 Kg7 31. Qa7 b4 32. a4 Rc8 33. Rd7 Rf8 34. b3 Qe4+ 35. Kh2 Qc2 36. Qd4+ 1/2-1/2

[Event "WYCC 2018 O16"]
[Site "Halkidiki"]
[Date "2018.10.28"]
[Round "9"]
[White "Chukavin, Kirill"]
[Black "Van Malder, Dries"]
[Result "1/2-1/2"]
[ECO "B32"]
[WhiteElo "2274"]
[BlackElo "2150"]
[Annotator "NA"]
[PlyCount "73"]
[EventDate "2018.10.20"]
[EventType "swiss"]
[EventCountry "GRE"]
[SourceTitle "playchess.com"]
[Source "ChessBase"]
[SourceQuality "1"]
[TimeControl "40/5400+30:1800+30"]

1. e4 c5 2. Nf3 Nc6 3. d4 cxd4 4. Nxd4 Qb6 5. Nb3 Nf6 6. Bd3 e6 7. Be3 Qc7 8. Nc3 Be7 9. f4 d6 10. Qf3 O-O 11. g4 a6 12. g5 Nd7 13. h4 b5 14. h5 Nc5 15. Nxc5 dxc5 16. e5 c4 17. Be4 Bb7 18. Nd1 Rad8 19. c3 Na5 20. Nf2 Bxe4 21. Nxe4 Qc6 22. Ke2 Rd3 23. b4 Rfd8 24. bxa5 Rxe3+ 25. Qxe3 Rd3 26. Rad1 Rxe3+ 27. Kxe3 h6 28. gxh6 Bc5+ 29. Kf3 f5 30. exf6 gxf6 31. h7+ Kxh7 32. h6 f5 33. Rd7+ Kh8 34. Rd8+ Kh7 35. Rd7+ Kh8 36. Rd8+ Kh7 37. Rd7+ 1/2-1/2

[Event "WYCC 2018 O16"]
[Site "Halkidiki"]
[Date "2018.10.28"]
[Round "9"]
[White "Thilakarathne, G M H"]
[Black "Gatineau, Yovann"]
[Result "1/2-1/2"]
[ECO "C78"]
[WhiteElo "2268"]
[BlackElo "2376"]
[Annotator "NA"]
[PlyCount "144"]
[EventDate "2018.10.20"]
[EventType "swiss"]
[EventCountry "GRE"]
[SourceTitle "playchess.com"]
[Source "ChessBase"]
[SourceQuality "1"]
[TimeControl "40/5400+30:1800+30"]

1. e4 e5 2. Nf3 Nc6 3. Bb5 a6 4. Ba4 Nf6 5. O-O Bc5 6. Re1 O-O 7. c3 b5 8. Bb3 d6 9. h3 Bb7 10. d4 Ba7 11. a4 h6 12. Na3 $11 b4 13. Nc4 bxc3 14. bxc3 Re8 15. d5 Ne7 16. Na5 Bc8 17. Nd2 c6 18. Nxc6 Nxc6 19. dxc6 Qb6 20. Qf3 Qxc6 21. a5 Qc7 22. Nf1 Be6 23. Ba4 Rec8 24. Bxh6 Qxc3 25. Qxc3 Rxc3 26. Be3 Bxe3 27. Rxe3 Rc5 28. Bd1 Rb8 29. Be2 Bc4 30. Ng3 Bxe2 31. Rxe2 Rbb5 32. Nf5 Rxa5 33. Rxa5 Rxa5 34. Nxd6 Ra4 35. Rb2 Nxe4 36. Rb8+ Kh7 37. Nxf7 Ra1+ 38. Kh2 Nxf2 39. Rh8+ Kg6 40. Nxe5+ Kf5 41. Rf8+ Kxe5 42. Rxf2 a5 43. Kg3 a4 44. Rf7 g6 45. Kg4 a3 46. Ra7 Kf6 47. Ra6+ Kf7 48. Kg5 Rg1 49. g4 Rg3 50. h4 Re3 51. Ra7+ Re7 52. Rxa3 Kg7 53. Ra5 Rb7 54. Re5 Ra7 55. Kf4 Ra4+ 56. Re4 Ra7 57. Rd4 Re7 58. g5 Kf7 59. Rd5 Kg7 60. Re5 Ra7 61. Re4 Kf7 62. Ke5 Re7+ 63. Kd5 Rxe4 64. Kxe4 Ke6 65. Kf4 Kf7 66. Kg3 Kf8 67. Kf3 Kf7 68. Kf4 Kf8 69. Ke4 Ke8 70. Kd4 Kd8 71. Kc5 Ke7 72. Kd5 Kd7 1/2-1/2

[Event "WYCC 2018 O16"]
[Site "Halkidiki"]
[Date "2018.10.28"]
[Round "9"]
[White "Nielsen, Andre"]
[Black "Kim, Yunseo"]
[Result "0-1"]
[ECO "B18"]
[WhiteElo "2260"]
[BlackElo "1995"]
[Annotator "NA"]
[PlyCount "106"]
[EventDate "2018.10.20"]
[EventType "swiss"]
[EventCountry "GRE"]
[SourceTitle "playchess.com"]
[Source "ChessBase"]
[SourceQuality "1"]
[TimeControl "40/5400+30:1800+30"]

1. e4 c6 2. d4 d5 3. Nc3 dxe4 4. Nxe4 Bf5 5. Ng3 Bg6 6. h4 h6 7. Nf3 e6 8. Ne5 Bh7 9. Bd3 Bxd3 10. Qxd3 Nd7 11. f4 Be7 12. Nf3 Ngf6 13. Bd2 c5 14. O-O-O Qc7 15. Kb1 O-O 16. c4 cxd4 17. Nxd4 Rac8 18. b3 Rfd8 19. Qf3 a6 20. h5 b5 21. cxb5 axb5 22. Rc1 Qd6 23. Nge2 Nh7 24. Bc3 Qa6 25. Rhd1 Ndf6 26. Ba1 Nd5 27. Rd2 Bf6 28. Rxc8 Rxc8 29. Qd3 Qa5 30. Rc2 Qe1+ 31. Nc1 Rxc2 32. Nxc2 Qa5 33. Ne2 Bxa1 34. Kxa1 Nhf6 35. f5 Nxh5 36. fxe6 fxe6 37. Ncd4 Nhf4 38. Nxf4 Nxf4 39. Qe3 e5 40. Qxe5 Qc3+ 41. Kb1 Qd3+ 42. Kc1 Qxd4 43. Qxd4 Ne2+ 44. Kd2 Nxd4 45. Kd3 Nc6 46. a4 bxa4 47. bxa4 Kf7 48. Kc4 Ke6 49. Kc5 Kd7 50. Kd5 h5 51. Kc5 h4 52. Kd5 g5 53. a5 Nd8 0-1

[Event "WYCC 2018 O16"]
[Site "Halkidiki"]
[Date "2018.10.28"]
[Round "9"]
[White "Lund, Gunnar"]
[Black "Buniatyan, David"]
[Result "1/2-1/2"]
[ECO "A01"]
[WhiteElo "2227"]
[BlackElo "1795"]
[Annotator "NA"]
[PlyCount "107"]
[EventDate "2018.10.20"]
[EventType "swiss"]
[EventCountry "GRE"]
[SourceTitle "playchess.com"]
[Source "ChessBase"]
[SourceQuality "1"]
[TimeControl "40/5400+30:1800+30"]

1. b3 e5 2. Bb2 Nc6 3. e3 Nf6 4. Bb5 Bd6 5. Na3 Na5 6. Be2 O-O 7. Nb5 Qe7 8. Nxd6 Qxd6 9. Nf3 Nc6 10. O-O e4 11. Ng5 Re8 12. Bc4 Re7 13. f3 Ne5 14. Bxe5 Qxe5 15. Nxe4 Nxe4 16. fxe4 Qxe4 17. Qh5 Qg6 18. Qxg6 hxg6 19. Rxf7 Rxf7 20. Rf1 d5 21. Bxd5 Bf5 22. g4 Rd8 23. Bxf7+ Kxf7 24. d3 Ke6 25. gxf5+ gxf5 26. Kg2 a5 27. Rf4 b5 28. e4 g6 29. exf5+ gxf5 30. Rh4 Rg8+ 31. Kf2 Kd6 32. Rh7 c6 33. h4 Kc5 34. Rf7 Kb4 35. Rxf5 Ka3 36. c4 Rb8 37. Rc5 Kxa2 38. Rxc6 Kxb3 39. cxb5 a4 40. Ra6 Rxb5 41. d4 a3 42. Kg3 Rb4 43. h5 a2 44. Rxa2 Kxa2 45. Kg4 Rxd4+ 46. Kg5 Kb3 47. h6 Rd1 48. h7 Rh1 49. Kg6 Kc4 50. Kg7 Rg1+ 51. Kf8 Rh1 52. Kg8 Kd5 53. h8=Q Rxh8+ 54. Kxh8 1/2-1/2

[Event "WYCC 2018 O16"]
[Site "Halkidiki"]
[Date "2018.10.28"]
[Round "9"]
[White "French, Max"]
[Black "Mis, Mieszko"]
[Result "0-1"]
[ECO "D87"]
[WhiteElo "2074"]
[BlackElo "2307"]
[Annotator "NA"]
[PlyCount "94"]
[EventDate "2018.10.20"]
[EventType "swiss"]
[EventCountry "GRE"]
[SourceTitle "playchess.com"]
[Source "ChessBase"]
[SourceQuality "1"]
[TimeControl "40/5400+30:1800+30"]

1. d4 Nf6 2. c4 g6 3. Nc3 d5 4. cxd5 Nxd5 5. e4 Nxc3 6. bxc3 Bg7 7. Bc4 O-O 8. Ne2 c5 9. O-O Nc6 10. Be3 Qc7 11. Rc1 Rd8 12. Qd2 b6 13. Bh6 Bb7 {[%emt 0:04:47] D87: Exchange Grünfeld: Classical Line: Variations without ...cxd4} 14. Bxg7 Kxg7 15. Qe3 e6 16. f4 Qe7 {[%emt 0:04:15] [#]} 17. Rf3 $146 ({Predecessor:} 17. Qf2 $11 f5 18. Bd3 fxe4 19. Bxe4 Nxd4 20. cxd4 Bxe4 21. dxc5 bxc5 22. Rxc5 {0-1 (34) Bacrot,E (2706)-Vachier Lagrave,M (2682) Nancy 2012}) 17... f5 18. exf5 exf5 19. Qxe7+ Nxe7 $11 20. Re3 Be4 21. dxc5 bxc5 22. Ng3 Nd5 23. Bxd5 Bxd5 24. Re7+ Kg8 25. Rc2 Bc4 26. Kf2 a5 27. Nf1 a4 28. Ne3 Bd3 29. Rd2 Be4 30. Nc4 Bb1 31. Rb2 Rab8 32. Rxb8 Rxb8 33. Ra7 Bxa2 34. Rxa4 Bb3 35. Ra5 Bxc4 36. Rxc5 Be6 37. Re5 Kf7 38. Re2 Rc8 39. Re3 Kf6 40. h3 Bd5 41. g4 Be4 42. Kg3 Rd8 43. Kh4 h6 44. g5+ hxg5+ 45. fxg5+ Ke5 46. Re2 Kf4 47. Rf2+ Bf3 0-1

[Event "WYCC 2018 O16"]
[Site "Halkidiki"]
[Date "2018.10.28"]
[Round "9"]
[White "Carlsson, Ludvig"]
[Black "Olsen, Filip Boe"]
[Result "0-1"]
[ECO "B19"]
[WhiteElo "2058"]
[BlackElo "2335"]
[Annotator "NA"]
[PlyCount "176"]
[EventDate "2018.10.20"]
[EventType "swiss"]
[EventCountry "GRE"]
[SourceTitle "playchess.com"]
[Source "ChessBase"]
[SourceQuality "1"]
[TimeControl "40/5400+30:1800+30"]

1. e4 c6 2. d4 d5 3. Nc3 dxe4 4. Nxe4 Bf5 5. Ng3 Bg6 6. h4 h6 7. Nf3 Nd7 8. h5 Bh7 9. Bd3 Bxd3 10. Qxd3 e6 11. Bd2 Ngf6 12. O-O-O Qc7 13. Ne4 O-O-O 14. g3 Be7 15. Nxf6 Nxf6 16. Ne5 Bc5 17. Be3 Bxd4 18. Bxd4 c5 19. Nxf7 Rxd4 20. Nxh8 Rxd3 21. Rxd3 c4 22. Ra3 Nd5 23. Rd1 Qc5 24. Ng6 Qxf2 25. Rd2 Qg1+ 26. Rd1 Qh2 27. Nf4 Nxf4 28. gxf4 Qxf4+ 29. Kb1 Qg4 30. Rh1 Kd7 31. Re3 a6 32. a3 b5 33. Re5 Qf3 34. Rhe1 Qf6 35. R5e3 Kd6 36. Rd1+ Kc6 37. Rde1 Kd6 38. Rd1+ Ke7 39. Rg1 Qd4 40. Rge1 Qd5 41. Re5 Qd6 42. R5e3 a5 43. Rg1 Qd4 44. Rge1 Qd5 45. Re5 Qc6 46. R5e3 b4 47. axb4 axb4 48. Rg3 Kf8 49. Rge3 Kf7 50. Rf1+ Kg8 51. Rfe1 Qb5 52. Re5 Qa4 53. R1e4 b3 54. cxb3 Qxb3 55. Re3 Qd1+ 56. Ka2 Kh7 57. Rg3 Qd4 58. Rge3 Qa7+ 59. Kb1 Qb7 60. Ka2 Kg8 61. Kb1 Kf7 62. Kc2 Qb6 63. Kc3 Qb3+ 64. Kd4 Qb4 65. Rc3 Kf6 66. Re2 Qd6+ 67. Ke3 Qe5+ 68. Kd2 Qd4+ 69. Ke1 e5 70. Rf2+ Ke6 71. Rfc2 Qh4+ 72. Kf1 Qxh5 73. Rxc4 Qf3+ 74. Kg1 Qe3+ 75. Kf1 h5 76. b4 g5 77. Rc6+ Kf5 78. Rf2+ Kg4 79. Rg2+ Kh3 80. Rgc2 Qf3+ 81. Ke1 Qe4+ 82. Kf2 Qf4+ 83. Kg1 g4 84. R6c3+ g3 85. Rh2+ Kg4 86. Rhc2 e4 87. Rxg3+ Kxg3 88. Rg2+ Kh3 0-1

[Event "WYCC 2018 O16"]
[Site "Halkidiki"]
[Date "2018.10.28"]
[Round "9"]
[White "Wijesinghe, N L C Dojitha"]
[Black "Lou, Vincent"]
[Result "0-1"]
[ECO "B90"]
[WhiteElo "1688"]
[BlackElo "2155"]
[Annotator "NA"]
[PlyCount "98"]
[EventDate "2018.10.20"]
[EventType "swiss"]
[EventCountry "GRE"]
[SourceTitle "playchess.com"]
[Source "ChessBase"]
[SourceQuality "1"]
[TimeControl "40/5400+30:1800+30"]

1. e4 c5 2. Nf3 d6 3. d4 cxd4 4. Nxd4 Nf6 5. Nc3 a6 6. h3 e5 7. Nde2 Be7 8. g4 Nc6 9. Bg2 b5 10. Be3 Bb7 11. Ng3 b4 12. Na4 g6 13. Bb6 Qc8 14. Be3 Nd7 15. c4 Nd8 16. b3 Ne6 17. O-O Qc7 18. Nb2 Ndc5 19. Qd2 a5 20. Rfd1 O-O 21. Qc2 Rfd8 22. Rdc1 Bg5 23. Bxg5 Nxg5 24. Nd1 Nge6 25. Ne2 Qe7 26. Qd2 Bxe4 27. f3 Bc6 28. Ne3 Qg5 29. Rd1 Nf4 30. Nxf4 Qxf4 31. Nd5 Qxd2 32. Rxd2 Bxd5 33. Rxd5 Kf8 34. f4 exf4 35. Rad1 Ke7 36. g5 a4 37. Re1+ Ne6 38. Rb5 Ra7 39. Rxb4 axb3 40. axb3 Rc8 41. h4 h6 42. gxh6 Rh8 43. h5 gxh5 44. Rb5 Rxh6 45. Kf2 Ra2+ 46. Kf1 h4 47. Bh3 Rh2 48. Bxe6 Rh1+ 49. Ke2 Rxe6+ 0-1

[Event "WYCC 2018 O16"]
[Site "Halkidiki"]
[Date "2018.10.29"]
[Round "10"]
[White "Sargsyan, Shant"]
[Black "Golikov, Daniil"]
[Result "1-0"]
[ECO "E16"]
[WhiteElo "2463"]
[BlackElo "2319"]
[Annotator "RC"]
[PlyCount "87"]
[EventDate "2018.10.20"]
[EventType "swiss"]
[EventCountry "GRE"]
[SourceTitle "playchess.com"]
[Source "ChessBase"]
[SourceQuality "1"]
[TimeControl "40/5400+30:1800+30"]

1. d4 Nf6 2. c4 e6 3. Nf3 Bb4+ 4. Bd2 Qe7 5. g3 Bxd2+ 6. Qxd2 Nc6 7. e3 d5 8. Qc3 dxc4 9. Nbd2 O-O 10. Nxc4 b6 11. Bg2 Bb7 12. O-O Nb4 13. a3 Nbd5 14. Qc2 Nd7 15. e4 N5f6 16. Rfe1 Rfd8 17. Rad1 Qf8 18. e5 Nd5 19. Ng5 g6 20. h4 Qe7 21. Ne3 c6 22. Ng4 Kg7 23. Bxd5 cxd5 24. Qd2 h5 25. Nh2 a5 26. Re3 Rf8 27. Rde1 Rae8 28. Rf3 f5 29. exf6+ Rxf6 30. Rfe3 Qd6 31. Nhf3 Bc8 32. Ne5 Rf5 33. Qc2 Nxe5 34. Rxe5 Rxe5 35. Rxe5 Bd7 36. Kg2 Rf8 37. Qe2 Rf6 38. Re3 b5 39. Rf3 Rxf3 40. Nxf3 Be8 41. Qe3 Bf7 42. Ne5 b4 43. Qh6+ Kg8 44. Qh8+ 1-0

[Event "WYCC 2018 O16"]
[Site "Halkidiki"]
[Date "2018.10.29"]
[Round "10"]
[White "Vlachos, Anatole"]
[Black "Loiacono, Leonardo"]
[Result "1/2-1/2"]
[ECO "A45"]
[WhiteElo "2435"]
[BlackElo "2277"]
[Annotator "NA"]
[PlyCount "94"]
[EventDate "2018.10.20"]
[EventType "swiss"]
[EventCountry "GRE"]
[SourceTitle "playchess.com"]
[Source "ChessBase"]
[SourceQuality "1"]
[TimeControl "40/5400+30:1800+30"]

1. d4 Nf6 2. Bf4 e6 3. e3 d5 4. Nd2 Bd6 5. Bxd6 {[%emt 0:00:06] D00: Damenbauernspiele} (5. Ngf3 Bxf4 6. exf4 Nbd7 7. Bd3 c5 8. c3 Qb6 9. Rb1 Qd6 10. g3 b6 11. O-O Bb7 12. Re1 O-O 13. b4 cxb4 14. cxb4 {1-0 (75) Nakamura,H (2769)-Aronian,L (2764) Leuven 2018}) 5... Qxd6 6. f4 b6 7. Ngf3 Ng4 $146 ({Vorgänger:} 7... Bb7 8. Bd3 c5 9. c3 Nc6 10. Ne5 O-O 11. Qf3 Ne7 12. g4 Qd8 {1-0 (32) Moiseenko,V (2520)-Mirzoian,M (2292) Taganrog 2017}) 8. Qe2 Ba6 9. c4 dxc4 10. Ne5 Nxe5 $1 11. dxe5 Qb4 12. Qf3 $1 c6 13. O-O-O c3 14. Nb3 Bxf1 15. Rhxf1 cxb2+ 16. Kb1 ({White should play} 16. Kxb2 $15 O-O 17. Rd4) 16... O-O 17. Nd4 Na6 18. f5 {[%emt 0:06:27] [#]} Qa3 (18... Qc4 $1 $19 19. Qxc6 Nc5) 19. Rf2 Nc5 20. f6 Rfd8 21. Rxb2 Nd3 22. Rb3 Nxe5 23. Rxa3 Nxf3 $11 24. gxf3 c5 25. Rg1 cxd4 26. Rxg7+ Kh8 27. exd4 Rd7 28. Rc3 h6 29. Rg4 Rg8 30. Rf4 Kh7 31. Rc2 Rg5 32. h4 Rf5 33. Rxf5 exf5 34. Rg2 Rxd4 35. Rg7+ Kh8 36. h5 Rd7 37. a4 a6 38. Kc2 Rd4 39. Rxf7 Kg8 40. Rg7+ Kf8 41. Rb7 Rxa4 42. Rxb6 Kf7 43. Kd3 Ra3+ 44. Kd4 Rxf3 45. Ke5 Re3+ 46. Kxf5 Rf3+ 47. Ke5 Re3+ {[%emt 0:00:04] Ke4} 1/2-1/2

[Event "WYCC 2018 O16"]
[Site "Halkidiki"]
[Date "2018.10.29"]
[Round "10"]
[White "Ibrahimli, Murad"]
[Black "Bekturov, Tamerlan"]
[Result "1/2-1/2"]
[ECO "E16"]
[WhiteElo "2379"]
[BlackElo "2297"]
[Annotator "NA"]
[PlyCount "88"]
[EventDate "2018.10.20"]
[EventType "swiss"]
[EventCountry "GRE"]
[SourceTitle "playchess.com"]
[Source "ChessBase"]
[SourceQuality "1"]
[TimeControl "40/5400+30:1800+30"]

1. d4 Nf6 2. c4 e6 3. Nf3 Bb4+ 4. Bd2 Qe7 5. Qc2 Bxd2+ 6. Nbxd2 d6 7. e3 e5 8. Bd3 O-O 9. O-O {[%emt 0:06:38] E11: Damenindisch (Bogoljubow-Variante)} Re8 10. dxe5 dxe5 {[%emt 0:00:08] LiveBook: 3 Games} 11. Ng5 h6 12. Nge4 Na6 $146 ({Vorgänger:} 12... Nbd7 13. Nxf6+ Nxf6 14. Ne4 {½-½ (14) Benitah,Y (2382)-Apicella,M (2529) Belfort 2010}) 13. a3 Nxe4 14. Bxe4 Nc5 15. Bd5 c6 16. Bf3 e4 $15 17. Be2 Bf5 18. b4 Nd3 19. Bxd3 exd3 20. Qc3 Qg5 21. Kh1 Rad8 22. c5 Re6 23. Rae1 Rg6 24. Rg1 Be6 25. e4 f5 26. Re3 Qh4 27. Rh3 Qf6 28. e5 Qe7 29. Rxd3 Bd5 30. f3 f4 31. Nc4 Rg5 32. Nd6 Rh5 33. h3 Rd7 34. Rd4 Qg5 35. Rxd5 cxd5 36. Re1 Re7 37. e6 Qg6 38. c6 bxc6 39. Qxc6 Qg3 40. Re2 Kh7 41. Qc2+ Qg6 42. Qxg6+ Kxg6 43. Nc8 Re8 44. Nd6 Re7 1/2-1/2

[Event "WYCC 2018 O16"]
[Site "Halkidiki"]
[Date "2018.10.29"]
[Round "10"]
[White "Gatineau, Yovann"]
[Black "Kamer, Kayra"]
[Result "0-1"]
[ECO "A45"]
[WhiteElo "2376"]
[BlackElo "2290"]
[Annotator "NA"]
[PlyCount "80"]
[EventDate "2018.10.20"]
[EventType "swiss"]
[EventCountry "GRE"]
[SourceTitle "playchess.com"]
[Source "ChessBase"]
[SourceQuality "1"]
[TimeControl "40/5400+30:1800+30"]

1. d4 Nf6 2. Bf4 g6 3. Nc3 d5 4. e3 Bg7 5. h4 a6 6. h5 Nxh5 7. Rxh5 gxh5 8. Qxh5 Be6 9. Nf3 Nd7 10. Nxd5 Nf6 11. Nxf6+ Bxf6 12. e4 Bxd4 13. c3 Bf6 14. Rd1 Qc8 15. Qh6 Rg8 16. e5 Bg7 17. Qxh7 Kf8 18. Ng5 Rh8 $11 ({Much less strong is} 18... Bxa2 19. Qe4 $17) 19. Qe4 c6 20. Be3 Bd5 21. Qf4 Bh6 22. c4 Bxg5 23. Qxg5 Be4 24. Bc5 Qe6 25. Rd4 Bg6 26. Be2 Bf5 27. g4 Bb1 28. Rf4 Rh1+ 29. Kd2 Rd8+ 30. Kc3 Rc1+ 31. Kb3 b5 32. Rf6 Rxc4 33. a3 a5 34. Bxe7+ Qxe7 35. Bxc4 bxc4+ 36. Kc3 Rd3+ 37. Kxc4 Rh3 38. f3 Ba2+ 39. Kd4 c5+ 40. Ke3 Bd5 {[%emt 0:00:00] Kd4} 0-1